Map: [ESL] NeoHumanity

Players

trigger - Winner!

  • Race: Protoss Protoss
  • Spawn Location: 5:00

MaSa

  • Race: Terran Terran
  • Spawn Location: 11:00

Event: ESL SC2 Masters 2023 Summer (Regionals)

VOD

Have the link to the VOD?

Description

Time

  • Played on: May 2, 2023, 2:57 p.m.
  • Length: 9:00

All games in this series

Show
View Real Time Build Order
Export as new Build Order

trigger Protoss - Winner!

Build Orders: 1 Gate Expand, Blink Stalkers 

Get SALT Encoding   

  12  0:00  Probe  
  13  0:13  Probe  
  14  0:18  Pylon  
  14  0:25  Probe (Chrono Boost)  
  15  0:37  Probe (Chrono Boost)  
  15  0:41  Gateway  
  16  0:45  Probe (Chrono Boost)  
  17  0:50  Assimilator  
  17  0:52  Probe  
  18  1:04  Probe  
  19  1:16  Probe  
  20  1:29  Probe  
  20  1:30  Cybernetics Core  
  21  1:42  Nexus  
  21  1:51  Pylon  
  21  1:53  Probe  
  21  2:01  Assimilator  
  21  2:05  Probe  
  21  2:06  Adept (Chrono Boost)  
  22  2:12  Warp Gate  
  24  2:17  Probe  
  25  2:26  Stalker (Chrono Boost)  
  25  2:29  Probe  
  28  2:33  Shield Battery  
  28  2:42  Probe  
  29  2:50  Twilight Council  
  29  2:57  Probe (Chrono Boost)  
  31  3:01  Probe (Chrono Boost)  
  31  3:05  Probe (Chrono Boost)  
  31  3:08  Probe (Chrono Boost)  
  33  3:13  Probe, Gateway  
  33  3:19  Robotics Facility  
  34  3:25  Probe  
  35  3:30  Probe  
  34  3:34  Blink (Chrono Boost)  
  34  3:37  Probe  
  34  3:38  Pylon  
  35  3:42  Probe  
  36  3:49  Probe  
  36  3:50  Gateway  
  36  3:54  Probe  
  38  3:56  Shield Battery  
  38  4:01  Probe, Stalker  
  41  4:06  Probe  
  41  4:07  Observer (Chrono Boost)  
  43  4:10  Pylon  
  43  4:13  Probe  
  43  4:15  Stalker  
  46  4:18  Probe  
  46  4:22  Assimilator  
  47  4:25  Probe  
  47  4:27  Gateway, Stalker  
  50  4:37  Probe  
  50  4:38  Probe  
  52  4:40  Pylon  
  52  4:42  Warp Prism (Chrono Boost)  
  54  4:51  Stalker x2  
  54  4:52  Observer  
  58  4:55  Stalker  
  60  5:13  Nexus  
  60  5:14  Pylon  
  60  5:27  Stalker x4  
  68  5:30  Probe, Pylon  
  68  5:33  Probe  
  69  5:51  Stalker x3  
  75  5:58  Probe  
  66  6:06  Charge  
  66  6:09  Gateway x2  
  64  6:11  Stalker  
  64  6:13  Probe x2  
  64  6:16  Stalker x2  
  64  6:17  Stalker  
  72  6:26  Probe x2 (Chrono Boost)  
  72  6:28  Probe (Chrono Boost)  
  75  6:35  Observer  
  75  6:37  Probe x3 (Chrono Boost)  
  79  6:41  Probe x2 (Chrono Boost), Forge  
  79  7:00  Zealot  
  79  7:01  Zealot x3  
  81  7:04  Immortal  
  81  7:05  Protoss Ground Weapons Level 1 (Chrono Boost)  
  81  7:07  Gateway  
  85  7:09  Gateway, Shield Battery  
  85  7:12  Probe x2  
  85  7:13  Zealot x2  
  85  7:14  Observer  
  91  7:29  Zealot, Stalker  
  95  7:30  Zealot x2  
  95  7:32  Templar Archives  
  99  7:37  Probe  
  99  7:42  Pylon  
  99  7:43  Pylon  
  100  7:45  Pylon  
  100  7:50  Photon Cannon  
  100  7:53  Photon Cannon  
  96  7:59  Stalker x2  
  96  8:05  Zealot x6  
  110  8:12  Immortal (Chrono Boost)  
  112  8:18  Shield Battery  
  116  8:22  High Templar x2, Shield Battery  
  116  8:26  Archon  
  120  8:28  Zealot  
  120  8:29  Zealot  
  124  8:38  Pylon  
  120  8:44  Zealot x4  
  114  8:49  Zealot x2  
Show
View Real Time Build Order
Export as new Build Order

MaSa Terran 

Build Orders:  

Get SALT Encoding   

  12  0:00  SCV  
  13  0:12  SCV  
  14  0:17  Supply Depot  
  14  0:24  SCV  
  15  0:39  SCV  
  15  0:41  Barracks  
  16  0:45  Refinery  
  16  0:51  SCV  
  17  1:03  SCV  
  18  1:04  Engineering Bay  
  18  1:15  SCV  
  19  1:27  Marine  
  19  1:29  Orbital Command  
  20  1:46  Barracks Reactor  
  20  1:53  Command Center  
  20  1:56  SCV  
  21  2:05  Supply Depot  
  21  2:08  SCV  
  21  2:15  Factory  
  22  2:22  Refinery  
  22  2:23  Marine  
  22  2:26  Marine  
  22  2:29  SCV  
  25  2:41  Marine  
  26  2:44  Marine  
  26  2:45  Barracks  
  26  2:47  SCV  
  28  2:59  Starport, Factory Tech Lab  
  28  3:09  SCV  
  28  3:10  Marine x2  
  31  3:18  Orbital Command  
  31  3:24  SCV  
  32  3:29  Factory Tech Lab  
  32  3:34  Barracks Tech Lab  
  32  3:35  Marine x2  
  32  3:37  SCV  
  35  3:43  Orbital Command  
  35  3:47  Raven  
  37  3:49  Siege Tank  
  37  3:53  SCV  
  41  3:59  Barracks, Marine  
  42  4:04  Supply Depot  
  42  4:06  SCV  
  42  4:09  SCV  
  44  4:12  Supply Depot  
  44  4:15  Marine  
  45  4:17  Marine  
  46  4:26  SCV, Refinery  
  46  4:30  Siege Tank  
  50  4:33  SCV  
  50  4:34  Starport Reactor  
  50  4:38  SCV  
  52  4:39  Supply Depot  
  52  4:40  Marine  
  52  4:41  Marine  
  54  4:47  Engineering Bay  
  54  4:48  SCV  
  55  4:53  SCV  
  55  4:55  Stimpack  
  55  4:57  Marine  
  57  5:05  Marine  
  57  5:06  Marine, Supply Depot  
  58  5:07  Marine  
  58  5:11  SCV  
  58  5:12  SCV  
  61  5:15  Marine  
  61  5:16  Terran Infantry Weapons Level 1  
  61  5:19  Combat Shield  
  62  5:28  Supply Depot  
  62  5:29  Siege Tank  
  62  5:32  SCV, Marine  
  62  5:35  Marauder  
  62  5:43  Marine  
  62  5:44  Marauder  
  62  5:47  SCV  
  63  5:50  Marine  
  59  5:59  Marauder  
  59  6:01  Marine, Siege Tank  
  55  6:05  Marine, SCV  
  55  6:08  Marine  
  53  6:14  Medivac  
  55  6:19  Marine, Medivac  
  55  6:20  Marine  
  55  6:23  Marine  
  59  6:27  Marine  
  59  6:29  SCV  
  59  6:32  Supply Depot  
  61  6:37  SCV  
  61  6:38  Marauder  
  61  6:39  Marine  
  65  6:44  Medivac  
  66  6:52  Viking  
  68  6:58  SCV  
  68  7:00  Marine x2  
  68  7:01  Marine, SCV, Marauder  
  71  7:10  SCV  
  71  7:14  SCV, Medivac  
  75  7:18  Marine x2  
  75  7:19  Marauder  
  75  7:21  Missile Turret  
  75  7:22  SCV  
  81  7:23  Marauder  
  81  7:29  SCV, Medivac  
  84  7:36  Marine, Siege Tank  
  88  7:44  Marine  
  88  7:45  Marauder, SCV  
  88  7:47  SCV  
  93  7:56  Marine, Concussive Shells  
  94  8:01  Supply Depot  
  94  8:09  SCV  
  94  8:23  Marine x2, Marauder, Siege Tank, SCV  
  102  8:33  Marauder  
  102  8:40  SCV x2, Marine  
  102  8:41  Marine  
Tags
 
Add a new tag
Caveats
  • Supply blocks, unpowered buildings, or Contaminate may cause inaccurate times.
  • Supply counts are checked every 10 seconds.